Map: Bel'Shir Vestige LE (Void)

Players

Cuddlebear - Winner!

  • Race: Terran Terran
  • Spawn Location: 11:00

ZergGirl

  • Race: Zerg Zerg
  • Spawn Location: 5:00

Event: WCS Austin 2017

VOD

Have the link to the VOD?

Description

Time

  • Played on: April 28, 2017, 1:31 p.m.
  • Length: 9:42

All games in this series

Show
View Real Time Build Order
Export as new Build Order

Cuddlebear Terran - Winner!

Build Orders:  

Get SALT Encoding   

  12  0:00  SCV  
  13  0:12  SCV  
  14  0:17  Supply Depot  
  14  0:25  SCV  
  14  0:27  Refinery  
  15  0:39  SCV  
  16  0:46  Barracks  
  16  0:51  SCV  
  17  1:03  SCV  
  18  1:10  Barracks  
  18  1:15  SCV  
  19  1:25  Barracks  
  20  1:33  Reaper  
  20  1:40  Orbital Command  
  20  1:58  Supply Depot, Refinery  
  20  1:59  Reaper  
  21  2:06  SCV  
  21  2:07  Reaper  
  23  2:19  Reaper, SCV  
  23  2:22  Supply Depot  
  25  2:31  Reaper  
  25  2:35  SCV  
  27  2:39  Reaper  
  28  2:48  SCV  
  29  2:51  Reaper  
  30  3:00  SCV  
  30  3:03  Reaper  
  32  3:07  Command Center  
  32  3:11  Reaper  
  33  3:24  Reaper  
  32  3:34  SCV  
  32  3:35  Reaper  
  32  3:39  Supply Depot  
  34  3:43  Reaper  
  34  3:49  SCV  
  35  3:56  Reaper  
  35  4:01  SCV  
  37  4:05  Command Center  
  37  4:07  Reaper  
  37  4:22  Reaper  
  38  4:25  SCV  
  39  4:33  Orbital Command  
  39  4:36  Refinery  
  39  4:39  Reaper  
  39  4:41  SCV  
  39  4:44  Barracks Tech Lab  
  40  4:48  Engineering Bay  
  40  4:49  Engineering Bay  
  33  4:54  Reaper  
  34  5:03  SCV  
  34  5:05  Marine, Stimpack  
  34  5:06  SCV  
  37  5:12  Barracks Reactor  
  37  5:15  SCV  
  37  5:18  SCV  
  39  5:22  Orbital Command  
  39  5:27  SCV  
  39  5:30  SCV  
  39  5:31  Terran Infantry Armor Level 1, Terran Infantry Weapons Level 1  
  40  5:37  Marine  
  40  5:39  SCV  
  42  5:43  Barracks Reactor, SCV  
  42  5:48  Marine x2  
  45  5:52  SCV  
  45  5:55  Marine, SCV  
  48  5:58  SCV  
  48  6:03  Factory  
  48  6:04  SCV  
  49  6:06  Barracks Reactor  
  49  6:07  Barracks Reactor, SCV  
  49  6:10  SCV  
  51  6:13  Marine  
  51  6:16  SCV  
  51  6:18  Barracks  
  53  6:19  SCV  
  53  6:20  Barracks  
  53  6:22  SCV  
  55  6:28  SCV  
  55  6:31  Marine, SCV  
  57  6:34  SCV  
  58  6:40  SCV  
  58  6:43  SCV  
  58  6:46  SCV  
  61  6:48  Marine x2  
  61  6:49  Marine x3  
  61  6:52  Refinery, SCV  
  67  6:55  SCV  
  67  6:56  Supply Depot x2  
  67  6:57  Factory Reactor  
  67  6:58  Starport, SCV  
  69  7:02  Armory  
  69  7:04  SCV  
  69  7:06  Barracks Reactor, Marine x3  
  73  7:09  Barracks Reactor  
  73  7:10  Supply Depot  
  73  7:11  Supply Depot  
  58  7:30  Marine  
  58  7:33  SCV  
  58  7:35  Marine  
  58  7:36  SCV x2  
  63  7:39  Supply Depot  
  63  7:42  Marine  
  64  7:45  Marine x2  
  64  7:46  Marine x4, SCV  
  64  7:48  Marine, SCV x2  
  74  7:53  Marine  
  74  7:54  Supply Depot  
  74  7:55  Supply Depot, Factory Reactor  
  74  7:58  SCV  
  76  8:00  Marine  
  76  8:03  Marine x2  
  76  8:04  Marine x2  
  81  8:06  Marine x2  
  81  8:07  Medivac  
  81  8:08  Medivac  
  81  8:09  Marine  
  88  8:19  SCV  
  89  8:23  Supply Depot x2  
  89  8:24  Barracks Reactor  
  89  8:25  Marine x2  
  89  8:26  Marine x3  
  94  8:29  Supply Depot  
  94  8:31  Supply Depot  
  94  8:45  SCV  
  95  8:53  Marine, SCV  
  95  8:55  Marine x2  
  98  8:57  Marine  
  98  8:58  Supply Depot  
  98  8:59  Supply Depot  
  98  9:01  Widow Mine x2, Marine x2  
  98  9:02  Medivac x2, Marine  
  109  9:03  Marine  
  109  9:07  Barracks x2  
  109  9:08  Barracks  
  109  9:09  Supply Depot  
  110  9:10  Supply Depot  
  110  9:11  Marine x2  
  110  9:13  Marine, SCV  
  110  9:15  Marine  
  115  9:19  SCV  
  116  9:27  SCV  
Show
View Real Time Build Order
Export as new Build Order

ZergGirl Zerg 

Build Orders: Hatch First 

Get SALT Encoding   

  12  0:02  Drone  
  13  0:12  Overlord  
  13  0:17  Drone  
  14  0:30  Drone  
  14  0:31  Drone  
  14  0:35  Drone  
  17  0:53  Hatchery  
  17  0:55  Drone  
  17  0:57  Drone  
  18  1:04  Extractor  
  18  1:07  Drone  
  18  1:17  Spawning Pool  
  17  1:19  Drone  
  18  1:29  Drone  
  19  1:40  Overlord  
  19  2:03  Queen  
  19  2:04  Queen  
  19  2:05  Zergling x4  
  19  2:07  Metabolic Boost  
  25  2:09  Drone  
  25  2:11  Drone  
  27  2:16  Zergling x2  
  28  2:23  Zergling x2  
  29  2:31  Extractor  
  28  2:38  Zergling x6  
  31  2:47  Queen  
  33  2:54  Zergling x4  
  35  3:02  Overlord  
  35  3:03  Overlord  
  35  3:21  Zergling x4  
  35  3:22  Zergling x4  
  37  3:33  Zergling x4  
  34  3:42  Zergling x4  
  34  3:45  Evolution Chamber  
  32  3:48  Zergling x6  
  32  3:49  Zergling x6  
  35  4:02  Zergling x6  
  37  4:12  Zergling x2  
  37  4:15  Hatchery  
  36  4:22  Zergling x12  
  38  4:24  Zergling x2  
  36  4:38  Zergling x6  
  37  4:47  Zergling x4  
  37  4:52  Zergling x6  
  38  4:57  Zergling x2  
  39  5:04  Zergling x4  
  40  5:20  Zergling x12  
  45  5:32  Zergling x8  
  44  5:39  Baneling Nest  
  44  5:41  Drone x3  
  45  5:47  Drone  
  45  5:48  Drone  
  47  5:56  Drone x2  
  47  6:02  Extractor  
  46  6:09  Drone x2  
  46  6:10  Drone x2  
  50  6:15  Drone x2  
  52  6:19  Overlord  
  47  6:38  Zergling x6  
  47  6:39  Zergling x4  
  52  6:51  Baneling x9  
  52  6:52  Baneling x3  
  52  6:53  Zergling x4  
  53  6:57  Zergling x2  
  53  6:58  Zergling x2  
  55  7:02  Zergling x2  
  55  7:03  Zergling x2  
  55  7:05  Zergling x2  
  42  7:34  Zergling x2  
  42  7:35  Zergling x8  
  46  7:43  Baneling x7  
  46  7:44  Baneling x3  
  46  7:45  Zergling x12  
  46  7:50  Zergling x10  
  57  7:54  Zergling x2  
  57  7:56  Zergling x2  
  57  7:57  Zergling x2  
  60  8:02  Zergling x4  
  60  8:04  Zergling x2  
  63  8:06  Zergling x2  
  54  8:26  Baneling x8  
  53  8:27  Baneling x2  
  53  8:28  Zergling x8  
  55  8:34  Zergling x6  
  52  8:45  Zergling x8  
  52  8:52  Zergling x8  
  51  8:59  Baneling x5  
  51  9:00  Baneling x2  
  50  9:03  Zergling x4  
  52  9:12  Baneling x3  
  52  9:13  Zergling x4  
Tags
 
Add a new tag
Caveats
  • Supply blocks, unpowered buildings, or Contaminate may cause inaccurate times.
  • Supply counts are checked every 10 seconds.